Los Angeles Kings vs Boston Bruins
Created - Saturday, April 29, 2023 at 09:31
Goals
|
| Los Angeles Kings |
1 |
2 |
2 |
5 |
| Boston Bruins |
0 |
1 |
0 |
1 |
|
Shots
|
| Los Angeles Kings |
12 |
11 |
18 |
41 |
| Boston Bruins |
10 |
9 |
12 |
31 |
|
1st period
1. Los Angeles Kings , Alexander Radulov 9 (Seth Jarvis 15) at 3:39
Penalties :
Ryan Donato (BOS) for Hooking (Minor) at 4:21, Vincent Trocheck (BOS) for Tripping (Minor) at 18:55
2nd period
2. Boston Bruins , Phil Kessel 21 (Anthony Beauvillier 5) at 0:08 (SH)
3. Los Angeles Kings , K'Andre Miller 2 (Peyton Krebs 7, Vitaly Kravtsov 3) at 12:10
4. Los Angeles Kings , Seth Jarvis 16 (Rasmus Sandin 4, Kirby Dach 7) at 19:15
Penalties :
Nicklas Backstrom (LAK) for Slashing (Minor) at 1:26, Charlie McAvoy (BOS) for Hooking (Minor) at 5:58, Evan Polei (LAK) for Slashing (Double Minor) at 15:03
3rd period
5. Los Angeles Kings , Noah Dobson 3 (K'Andre Miller 12, Kirby Dach 8) at 0:46
6. Los Angeles Kings , Alexander Radulov 10 (Seth Jarvis 16) at 14:33 (PP)
Penalties :
K'Andre Miller (LAK) for Tripping (Minor) at 5:34, Sean Durzi (BOS) for Interference (Minor) at 14:17, Alexander Radulov (LAK) for Hooking (Minor) at 16:15
Goalie Stats
John Gibson (LAK), 30 saves from 31 shots - (0.968), W, 13-10-2, 60:00 minutes
David Rittich (BOS), 36 saves from 41 shots - (0.878), L, 11-13-4, 60:00 minutes
Players Stats for Los Angeles Kings
Player Name G A P +/- PIM S H SB GA TA FO MP PP MP PK MP
------------------------------------------------------------------------------------
Alexander Radulov 2 0 2 1 2 7 1 0 0 0 0/1 16:39 3:11 0:00
Cooper Marody 0 0 0 0 0 4 1 0 0 1 2/5 10:42 0:00 4:20
Dominik Kubalik 0 0 0 1 0 2 1 0 4 0 0/1 17:48 3:00 1:11
Erik Brannstrom 0 0 0 0 0 2 2 0 0 0 0/0 23:50 3:28 4:18
Evan Polei 0 0 0 0 4 0 0 1 0 0 0/1 9:56 0:02 2:54
Jakub Zboril 0 0 0 0 0 0 1 1 0 0 0/0 12:54 0:00 0:00
K'Andre Miller 1 1 2 2 2 2 1 2 0 0 0/0 20:40 2:45 4:14
Kirby Dach 0 2 2 1 0 1 1 4 0 0 2/2 16:57 3:00 0:22
Matt Tennyson 0 0 0 1 0 0 1 0 0 0 0/0 6:56 0:00 0:21
Mike Matheson 0 0 0 0 0 0 0 1 0 1 0/0 23:50 3:28 4:18
Nicklas Backstrom 0 0 0 1 2 2 1 1 1 0 8/20 16:33 3:00 0:00
Noah Dobson 1 0 1 2 0 4 3 1 0 1 0/0 22:42 2:45 5:17
Peyton Krebs 0 1 1 1 0 2 1 0 0 0 3/10 15:00 0:02 4:35
Rasmus Sandin 0 1 1 1 0 0 1 1 0 2 0/0 15:50 0:00 1:24
Ryan Reaves 0 0 0 1 0 4 0 1 0 0 0/0 11:53 0:02 1:47
Seth Jarvis 1 2 3 1 0 8 2 0 0 0 7/19 16:40 3:11 0:00
Tyler Gaudet 0 0 0 1 0 2 3 1 0 2 1/1 17:04 3:11 0:24
Vitaly Kravtsov 0 1 1 1 0 1 0 0 0 0 1/2 14:06 0:00 4:19
Players Stats for Boston Bruins
Player Name G A P +/- PIM S H SB GA TA FO MP PP MP PK MP
------------------------------------------------------------------------------------
Anthony Beauvillier 0 1 1 1 0 0 0 0 0 0 2/3 8:09 0:22 1:53
Brandon Hagel 0 0 0 -2 0 4 3 1 1 1 0/0 11:53 0:27 0:00
Brock McGinn 0 0 0 -2 0 0 1 1 1 0 0/1 11:26 0:00 0:00
Charlie McAvoy 0 0 0 -2 2 3 1 3 0 0 0/0 27:24 5:34 2:30
Danton Heinen 0 0 0 0 0 0 0 0 0 0 0/0 6:11 0:22 0:00
Joel Farabee 0 0 0 -1 0 3 6 0 1 0 0/0 18:36 4:14 1:20
Joonas Donskoi 0 0 0 -1 0 1 0 1 0 0 1/1 16:46 4:04 0:00
Mason Appleton 0 0 0 0 0 0 0 0 0 0 0/0 2:04 0:30 0:00
Matt Grzelcyk 0 0 0 0 0 0 2 0 0 0 0/0 11:54 0:22 0:25
Morgan Geekie 0 0 0 -2 0 3 1 1 0 0 3/4 11:41 0:15 0:00
Pavel Zacha 0 0 0 -1 0 2 1 1 0 0 1/1 20:55 5:10 1:55
Phil Kessel 1 0 1 0 0 3 0 1 1 0 1/1 22:29 5:10 3:50
Ryan Donato 0 0 0 -1 2 1 3 0 2 0 4/10 17:54 4:04 1:08
Samuel Girard 0 0 0 -2 0 2 0 2 1 0 0/0 28:10 5:34 3:19
Sean Durzi 0 0 0 -1 2 1 2 1 0 2 0/0 19:39 4:00 2:13
Tyson Barrie 0 0 0 -1 0 1 1 0 0 2 0/0 20:25 4:00 2:54
Victor Mete 0 0 0 0 0 1 1 1 0 0 0/0 12:30 0:22 1:05
Vincent Trocheck 0 0 0 -1 2 6 2 0 0 0 26/41 25:37 5:10 2:20
3 Stars
1 - Seth Jarvis (LAK)
2 - John Gibson (LAK)
3 - Alexander Radulov (LAK)
Power Play
Los Angeles Kings - 1 on 4 Attempt(s) - 25.00%
Boston Bruins - 0 on 5 Attempt(s) - 0.00%
Penalty Kill
Los Angeles Kings - 5 on 5 Attempt(s) - 100.00%
- Score 0 goal in Penalty Kill
Boston Bruins - 3 on 4 Attempt(s) - 75.00%
- Score 1 goal in Penalty Kill
Team Stat
Los Angeles Kings - Hits : 20 - Faceoff Wins : 24 - Blocked Shots : 14 - Penalty Minutes : 10
Boston Bruins - Hits : 24 - Faceoff Wins : 38 - Blocked Shots : 13 - Penalty Minutes : 8
Official
Referees : Brian Pochmara and Jon Mclsaac
Linesman : Brandon Gawryletz and Brian Mach
Game Notes
No Game Note
Finance
Level 1 -- Attendance: 4385 (73.08%) -- Ticket Income $438,500
Level 2 -- Attendance: 3555 (71.10%) -- Ticket Income $213,300
Level 3 -- Attendance: 2289 (76.30%) -- Ticket Income $80,115
Level 4 -- Attendance: 4077 (81.54%) -- Ticket Income $101,925
Luxury Box -- Attendance: 828 (82.80%) -- Ticket Income $165,600
Game was played at the TD Garden.
Total Attendance: 15134 (75.67%)
Total Ticket Income: $999,440
Other Income: $349,804
Total Income: $1,349,244
Los Angeles Kings
5 vs 5 Forward
Center Left Wing Right Wing Time % Phy DF OF
1 Nicklas Backstrom Dominik Kubalik Kirby Dach 30 1 2 2
2 Seth Jarvis Tyler Gaudet Alexander Radulov 30 1 2 2
3 Peyton Krebs Vitaly Kravtsov Ryan Reaves 25 1 2 2
4 Cooper Marody Matt Tennyson Evan Polei 15 1 2 2
5 vs 5 Defense
Defense Defense Time % Phy DF OF
1 Noah Dobson K'Andre Miller 35 1 2 2
2 Mike Matheson Erik Brannstrom 35 1 2 2
3 Jakub Zboril Rasmus Sandin 30 1 2 2
4 Noah Dobson K'Andre Miller 0 1 2 2
PowerPlay Forward
Center Left Wing Right Wing Time % Phy DF OF
1 Nicklas Backstrom Dominik Kubalik Kirby Dach 50 1 2 2
2 Seth Jarvis Tyler Gaudet Alexander Radulov 50 1 2 2
PowerPlay Defense
Defense Defense Time % Phy DF OF
1 Noah Dobson K'Andre Miller 50 1 2 2
2 Mike Matheson Erik Brannstrom 50 1 2 2
Penalty Kill 4 Players Forward
Center Wing Time % Phy DF OF
1 Peyton Krebs Evan Polei 50 1 2 2
2 Cooper Marody Vitaly Kravtsov 50 1 2 2
Penalty Kill 4 Players Defense
Defense Defense Time % Phy DF OF
1 Noah Dobson K'Andre Miller 50 1 2 2
2 Mike Matheson Erik Brannstrom 50 1 2 2
Penalty Kill - 3 Players Forward
Forward Time % Phy DF OF
1 Peyton Krebs 50 1 2 2
2 Cooper Marody 50 1 2 2
Penalty Kill - 3 Players Defense
Defense Defense Time % Phy DF OF
1 Noah Dobson K'Andre Miller 50 1 2 2
2 Mike Matheson Erik Brannstrom 50 1 2 2
4 vs 4 Forward
Center Wing Time % Phy DF OF
1 Nicklas Backstrom Dominik Kubalik 50 1 2 2
2 Kirby Dach Seth Jarvis 50 1 2 2
4 vs 4 Defense
Defense Defense Time % Phy DF OF
1 Noah Dobson K'Andre Miller 50 1 2 2
2 Mike Matheson Erik Brannstrom 50 1 2 2
Last Minutes Offensive
Center Left Wing Right Wing Defense Defense
Nicklas Backstrom Dominik Kubalik Kirby Dach Noah Dobson K'Andre Miller
Last Minutes Defensive
Center Left Wing Right Wing Defense Defense
Nicklas Backstrom Dominik Kubalik Kirby Dach Noah Dobson K'Andre Miller
Goaltenders
Starting : John Gibson
Backup : Jonas Johansson
Extra Forwards
Normal : Evan Polei, Peyton Krebs, Ryan Reaves - PP : Evan Polei, Peyton Krebs - PK : Ryan Reaves
Extra Defensemen
Normal : Jakub Zboril, Rasmus Sandin, Mike Matheson - PP : Jakub Zboril - PK : Rasmus Sandin, Mike Matheson
Penalty Shots
Tyler Gaudet, Nicklas Backstrom, Kirby Dach, Dominik Kubalik, Alexander Radulov
Boston Bruins
5 vs 5 Forward
Center Left Wing Right Wing Time % Phy DF OF
1 Vincent Trocheck Pavel Zacha Phil Kessel 40 1 2 2
2 Ryan Donato Joel Farabee Joonas Donskoi 30 1 2 2
3 Morgan Geekie Brandon Hagel Brock McGinn 20 1 2 2
4 Vincent Trocheck Anthony Beauvillier Danton Heinen 10 1 2 2
5 vs 5 Defense
Defense Defense Time % Phy DF OF
1 Charlie McAvoy Samuel Girard 40 1 2 2
2 Tyson Barrie Sean Durzi 30 1 2 2
3 Matt Grzelcyk Victor Mete 20 1 2 2
4 Charlie McAvoy Samuel Girard 10 1 2 2
PowerPlay Forward
Center Left Wing Right Wing Time % Phy DF OF
1 Vincent Trocheck Pavel Zacha Phil Kessel 60 1 2 2
2 Ryan Donato Joel Farabee Joonas Donskoi 40 1 2 2
PowerPlay Defense
Defense Defense Time % Phy DF OF
1 Charlie McAvoy Samuel Girard 60 1 2 2
2 Tyson Barrie Sean Durzi 40 1 2 2
Penalty Kill 4 Players Forward
Center Wing Time % Phy DF OF
1 Vincent Trocheck Phil Kessel 60 1 2 2
2 Pavel Zacha Joel Farabee 40 1 2 2
Penalty Kill 4 Players Defense
Defense Defense Time % Phy DF OF
1 Charlie McAvoy Samuel Girard 60 1 2 2
2 Tyson Barrie Sean Durzi 40 1 2 2
Penalty Kill - 3 Players Forward
Forward Time % Phy DF OF
1 Vincent Trocheck 60 1 2 2
2 Phil Kessel 40 1 2 2
Penalty Kill - 3 Players Defense
Defense Defense Time % Phy DF OF
1 Charlie McAvoy Samuel Girard 60 1 2 2
2 Tyson Barrie Sean Durzi 40 1 2 2
4 vs 4 Forward
Center Wing Time % Phy DF OF
1 Vincent Trocheck Phil Kessel 60 1 2 2
2 Pavel Zacha Joel Farabee 40 1 2 2
4 vs 4 Defense
Defense Defense Time % Phy DF OF
1 Charlie McAvoy Samuel Girard 60 1 2 2
2 Tyson Barrie Sean Durzi 40 1 2 2
Last Minutes Offensive
Center Left Wing Right Wing Defense Defense
Vincent Trocheck Pavel Zacha Phil Kessel Charlie McAvoy Samuel Girard
Last Minutes Defensive
Center Left Wing Right Wing Defense Defense
Vincent Trocheck Pavel Zacha Phil Kessel Charlie McAvoy Samuel Girard
Goaltenders
Starting : David Rittich
Backup : Olivier Rodrigue
Extra Forwards
Normal : Mason Appleton, Brandon Hagel, Anthony Beauvillier - PP : Mason Appleton, Brandon Hagel - PK : Anthony Beauvillier
Extra Defensemen
Normal : Matt Grzelcyk, Victor Mete, Tyson Barrie - PP : Matt Grzelcyk - PK : Victor Mete, Tyson Barrie
Penalty Shots
Vincent Trocheck, Phil Kessel, Pavel Zacha, Joel Farabee, Brandon Hagel
% Time on Ice - Los Angeles Kings
Lines # - Real PCT - Wanted PCT - Time Play
Normal Forward
1 - 32% - 30% - 13:56
2 - 31% - 30% - 13:46
3 - 22% - 25% - 9:47
4 - 15% - 15% - 6:22
Normal Defense
1 - 33% - 35% - 14:40
2 - 37% - 35% - 16:17
3 - 29% - 30% - 12:54
4 - 0% - 0% - 0:00
PP Forward
1 - 48% - 50% - 3:00
2 - 52% - 50% - 3:13
PP Defense
1 - 44% - 50% - 2:45
2 - 56% - 50% - 3:28
PK Forward
1 - 54% - 50% - 5:22
2 - 46% - 50% - 4:34
PK Defense
1 - 53% - 50% - 5:17
2 - 47% - 50% - 4:39
PK3 Forward
1 - 0% - 50%
2 - 0% - 50%
PK3 Defense
1 - 0% - 50%
2 - 0% - 50%
44 Forward
1 - 0% - 50%
2 - 0% - 50%
44 Defense
1 - 0% - 50%
2 - 0% - 50%
Last Minute Offensive - 0:00
Last Minute Defensive - 0:00
Total
Forward - 60:00
Defense - 60:00
|
% Time on Ice - Boston Bruins
Lines # - Real PCT - Wanted PCT - Time Play
Normal Forward
1 - 31% - 40% - 13:34
2 - 30% - 30% - 13:02
3 - 26% - 20% - 11:26
4 - 13% - 10% - 5:49
Normal Defense
1 - 41% - 40% - 18:04
2 - 31% - 30% - 13:27
3 - 25% - 20% - 11:03
4 - 3% - 10% - 1:17
PP Forward
1 - 55% - 60% - 5:25
2 - 45% - 40% - 4:31
PP Defense
1 - 60% - 60% - 5:56
2 - 40% - 40% - 4:00
PK Forward
1 - 79% - 60% - 4:53
2 - 21% - 40% - 1:20
PK Defense
1 - 60% - 60% - 3:44
2 - 40% - 40% - 2:29
PK3 Forward
1 - 0% - 60%
2 - 0% - 40%
PK3 Defense
1 - 0% - 60%
2 - 0% - 40%
44 Forward
1 - 0% - 60%
2 - 0% - 40%
44 Defense
1 - 0% - 60%
2 - 0% - 40%
Last Minute Offensive - 0:00
Last Minute Defensive - 0:00
Total
Forward - 60:00
Defense - 60:00
|
Play-by-Play
1st period
0:01 of 1st period - Vincent Trocheck wins face-off versus Nicklas Backstrom in neutral zone.
0:12 of 1st period - Wrist shot by Phil Kessel.
0:12 of 1st period - Shot Blocked by Kirby Dach.
0:14 of 1st period - Slapshot by Charlie McAvoy.
0:14 of 1st period - Shot Blocked by K'Andre Miller.
0:16 of 1st period - Snap shot by Phil Kessel.
0:16 of 1st period - Deflect By Vincent Trocheck.
0:16 of 1st period - Stopped by John Gibson with a rebound.
0:33 of 1st period - Snap shot by Seth Jarvis.
0:33 of 1st period - Stopped by David Rittich with a rebound.
1:12 of 1st period - Snap shot by Evan Polei.
1:12 of 1st period - Shot Misses the Net.
1:18 of 1st period - Erik Brannstrom is hit by Matt Grzelcyk.
1:30 of 1st period - Mike Matheson is hit by Matt Grzelcyk and loses puck.
2:04 of 1st period - Peyton Krebs is hit by Charlie McAvoy and loses puck.
2:17 of 1st period - Snap shot by Peyton Krebs.
2:17 of 1st period - Shot Misses the Net.
2:27 of 1st period - Cooper Marody is hit by Tyson Barrie and loses puck.
2:42 of 1st period - Slapshot by Nicklas Backstrom.
2:42 of 1st period - Stopped by David Rittich with a rebound.
2:44 of 1st period - Slapshot by K'Andre Miller.
2:44 of 1st period - Shot Blocked by Sean Durzi.
2:46 of 1st period - Snap shot by Noah Dobson.
2:46 of 1st period - Stopped by David Rittich with a rebound.
2:48 of 1st period - Slapshot by Noah Dobson.
2:48 of 1st period - Shot Misses the Net.
2:58 of 1st period - Tyson Barrie is hit by Seth Jarvis and loses puck.
3:05 of 1st period - Wrist shot by Seth Jarvis.
3:05 of 1st period - Stopped by David Rittich with a rebound.
3:07 of 1st period - Slapshot by Rasmus Sandin.
3:07 of 1st period - Deflect By Alexander Radulov.
3:07 of 1st period - Shot Misses the Net.
3:07 of 1st period - Puck is out of play.
3:08 of 1st period - Vincent Trocheck wins face-off versus Peyton Krebs in Boston Bruins zone.
3:32 of 1st period - Brandon Hagel is hit by Rasmus Sandin and loses puck.
3:39 of 1st period - Snap shot by Alexander Radulov.
3:39 of 1st period - Goal by Alexander Radulov - Los Angeles Kings : 1 - Boston Bruins : 0.
3:40 of 1st period - Nicklas Backstrom wins face-off versus Vincent Trocheck in neutral zone.
4:05 of 1st period - Noah Dobson is hit by Ryan Donato and loses puck.
4:21 of 1st period - Minor Penalty to Ryan Donato for Hooking.
4:22 of 1st period - Nicklas Backstrom wins face-off versus Vincent Trocheck in Boston Bruins zone.
4:23 of 1st period - Snap shot by Dominik Kubalik.
4:23 of 1st period - Shot Misses the Net.
4:49 of 1st period - Vincent Trocheck is hit by K'Andre Miller and loses puck.
5:10 of 1st period - Wrist shot by Pavel Zacha.
5:10 of 1st period - Stopped by John Gibson without a rebound.
5:11 of 1st period - Phil Kessel wins face-off versus Seth Jarvis in Los Angeles Kings zone.
6:11 of 1st period - Wrist shot by Joel Farabee.
6:11 of 1st period - Stopped by John Gibson without a rebound.
6:12 of 1st period - Pavel Zacha wins face-off versus Seth Jarvis in Los Angeles Kings zone.
6:21 of 1st period - Penalty to Ryan Donato is over, Ryan Donato is back on ice.
6:38 of 1st period - Slapshot by Brandon Hagel.
6:38 of 1st period - Stopped by John Gibson with a rebound.
7:30 of 1st period - Alexander Radulov is hit by Joel Farabee and loses puck.
7:35 of 1st period - Snap shot by Joel Farabee.
7:35 of 1st period - Shot Misses the Net.
7:37 of 1st period - Wrist shot by Joonas Donskoi.
7:37 of 1st period - Stopped by John Gibson without a rebound.
7:38 of 1st period - Peyton Krebs wins face-off versus Brock McGinn in Los Angeles Kings zone.
8:03 of 1st period - Joel Farabee is hit by Dominik Kubalik and loses puck.
8:16 of 1st period - Wrist shot by Dominik Kubalik.
8:16 of 1st period - Shot Misses the Net.
8:30 of 1st period - Backhand shot by Seth Jarvis.
8:30 of 1st period - Deflect By Vincent Trocheck.
8:30 of 1st period - Stopped by David Rittich without a rebound.
8:31 of 1st period - Tyler Gaudet wins face-off versus Vincent Trocheck in Boston Bruins zone.
8:36 of 1st period - Wrist shot by Alexander Radulov.
8:36 of 1st period - Stopped by David Rittich with a rebound.
8:44 of 1st period - Slapshot by Vincent Trocheck.
8:44 of 1st period - Shot Misses the Net.
9:02 of 1st period - Backhand shot by Phil Kessel.
9:02 of 1st period - Shot Misses the Net.
9:04 of 1st period - Wrist shot by Phil Kessel.
9:04 of 1st period - Shot Blocked by Noah Dobson.
9:06 of 1st period - Slapshot by Phil Kessel.
9:06 of 1st period - Shot Misses the Net.
9:08 of 1st period - Snap shot by Phil Kessel.
9:08 of 1st period - Shot Misses the Net.
9:10 of 1st period - Slapshot by Vincent Trocheck.
9:10 of 1st period - Stopped by John Gibson without a rebound.
9:11 of 1st period - Ryan Donato wins face-off versus Nicklas Backstrom in Los Angeles Kings zone.
9:12 of 1st period - Snap shot by Joel Farabee.
9:12 of 1st period - Deflect By Ryan Donato.
9:12 of 1st period - Shot Blocked by Kirby Dach.
9:12 of 1st period - Puck is out of play.
9:13 of 1st period - Joonas Donskoi wins face-off versus Nicklas Backstrom in Los Angeles Kings zone.
9:14 of 1st period - Wrist shot by Joel Farabee.
9:14 of 1st period - Shot Misses the Net.
9:24 of 1st period - Snap shot by Ryan Donato.
9:24 of 1st period - Shot Hit the Post.
9:26 of 1st period - Snap shot by Joonas Donskoi.
9:26 of 1st period - Shot Blocked by Kirby Dach.
9:28 of 1st period - Wrist shot by Joel Farabee.
9:28 of 1st period - Shot Blocked by Nicklas Backstrom.
9:38 of 1st period - Jakub Zboril is hit by Brandon Hagel and loses puck.
9:59 of 1st period - Slapshot by Rasmus Sandin.
9:59 of 1st period - Shot Misses the Net.
10:01 of 1st period - Slapshot by Jakub Zboril.
10:01 of 1st period - Shot Hit the Post.
10:03 of 1st period - Wrist shot by Cooper Marody.
10:03 of 1st period - Stopped by David Rittich without a rebound.
10:04 of 1st period - Cooper Marody wins face-off versus Vincent Trocheck in Boston Bruins zone.
10:29 of 1st period - Erik Brannstrom is hit by Morgan Geekie and loses puck.
10:36 of 1st period - Wrist shot by Brock McGinn.
10:36 of 1st period - Shot Misses the Net.
10:38 of 1st period - Slapshot by Victor Mete.
10:38 of 1st period - Stopped by John Gibson with a rebound.
10:40 of 1st period - Snap shot by Brandon Hagel.
10:40 of 1st period - Stopped by John Gibson with a rebound.
10:42 of 1st period - Snap shot by Brock McGinn.
10:42 of 1st period - Shot Blocked by Mike Matheson.
11:15 of 1st period - Slapshot by Noah Dobson.
11:15 of 1st period - Stopped by David Rittich without a rebound.
11:16 of 1st period - Nicklas Backstrom wins face-off versus Ryan Donato in Boston Bruins zone.
11:17 of 1st period - Snap shot by Dominik Kubalik.
11:17 of 1st period - Stopped by David Rittich without a rebound.
11:18 of 1st period - Ryan Donato wins face-off versus Nicklas Backstrom in Boston Bruins zone.
11:43 of 1st period - Phil Kessel is hit by Alexander Radulov and loses puck.
13:09 of 1st period - Brandon Hagel is hit by Jakub Zboril and loses puck.
14:02 of 1st period - Wrist shot by Peyton Krebs.
14:02 of 1st period - Shot Misses the Net.
14:14 of 1st period - Joonas Donskoi is hit by Noah Dobson and loses puck.
14:42 of 1st period - Victor Mete is hit by Tyler Gaudet and loses puck.
15:11 of 1st period - Joel Farabee is hit by Tyler Gaudet and loses puck.
15:45 of 1st period - Slapshot by Joel Farabee.
15:45 of 1st period - Stopped by John Gibson without a rebound.
15:46 of 1st period - Nicklas Backstrom wins face-off versus Vincent Trocheck in Los Angeles Kings zone.
15:46 of 1st period - Nicklas Backstrom is hit by Sean Durzi.
16:12 of 1st period - K'Andre Miller is hit by Brandon Hagel and loses puck.
16:19 of 1st period - Snap shot by Morgan Geekie.
16:19 of 1st period - Stopped by John Gibson without a rebound.
16:20 of 1st period - Vincent Trocheck wins face-off versus Peyton Krebs in Los Angeles Kings zone.
16:29 of 1st period - Slapshot by Vincent Trocheck.
16:29 of 1st period - Shot Blocked by Jakub Zboril.
16:31 of 1st period - Snap shot by Phil Kessel.
16:31 of 1st period - Shot Misses the Net.
16:33 of 1st period - Snap shot by Pavel Zacha.
16:33 of 1st period - Shot Misses the Net.
16:35 of 1st period - Snap shot by Pavel Zacha.
16:35 of 1st period - Shot Blocked by Rasmus Sandin.
18:00 of 1st period - Kirby Dach is hit by Pavel Zacha and loses puck.
18:23 of 1st period - Slapshot by Noah Dobson.
18:23 of 1st period - Stopped by David Rittich with a rebound.
18:25 of 1st period - Snap shot by Noah Dobson.
18:25 of 1st period - Shot Blocked by Brandon Hagel.
18:27 of 1st period - Slapshot by K'Andre Miller.
18:27 of 1st period - Shot Blocked by Victor Mete.
18:29 of 1st period - Snap shot by Cooper Marody.
18:29 of 1st period - Shot Misses the Net.
18:31 of 1st period - Slapshot by K'Andre Miller.
18:31 of 1st period - Deflect By Cooper Marody.
18:31 of 1st period - Stopped by David Rittich with a rebound.
18:33 of 1st period - Snap shot by Cooper Marody.
18:33 of 1st period - Shot Misses the Net.
18:43 of 1st period - Ryan Reaves is hit by Joel Farabee and loses puck.
18:55 of 1st period - Minor Penalty to Vincent Trocheck for Tripping.
18:56 of 1st period - Seth Jarvis wins face-off versus Anthony Beauvillier in Boston Bruins zone.
19:07 of 1st period - Snap shot by Alexander Radulov.
19:07 of 1st period - Shot Blocked by Charlie McAvoy.
19:37 of 1st period - Sean Durzi is hit by Kirby Dach and loses puck.
Goals for this period are 1 for Los Angeles Kings vs 0 for Boston Bruins.
Shots for this period are 12 for Los Angeles Kings vs 10 for Boston Bruins.
2nd period
0:01 of 2nd period - Anthony Beauvillier wins face-off versus Seth Jarvis in neutral zone.
0:08 of 2nd period - Snap shot by Phil Kessel.
0:08 of 2nd period - Goal by Phil Kessel - Los Angeles Kings : 1 - Boston Bruins : 1.
0:09 of 2nd period - Anthony Beauvillier wins face-off versus Seth Jarvis in neutral zone.
0:34 of 2nd period - Nicklas Backstrom is hit by Ryan Donato and loses puck.
0:41 of 2nd period - Ryan Donato is hit by Erik Brannstrom and loses puck.
0:55 of 2nd period - Penalty to Vincent Trocheck is over, Vincent Trocheck is back on ice.
1:10 of 2nd period - Slapshot by Charlie McAvoy.
1:10 of 2nd period - Shot Blocked by K'Andre Miller.
1:12 of 2nd period - Slapshot by Charlie McAvoy.
1:12 of 2nd period - Shot Misses the Net.
1:14 of 2nd period - Slapshot by Charlie McAvoy.
1:14 of 2nd period - Stopped by John Gibson without a rebound.
1:15 of 2nd period - Kirby Dach wins face-off versus Morgan Geekie in Los Angeles Kings zone.
1:24 of 2nd period - Slapshot by Morgan Geekie.
1:24 of 2nd period - Shot Misses the Net.
1:26 of 2nd period - Minor Penalty to Nicklas Backstrom for Slashing.
1:27 of 2nd period - Vincent Trocheck wins face-off versus Peyton Krebs in Los Angeles Kings zone.
1:38 of 2nd period - Snap shot by Phil Kessel.
1:38 of 2nd period - Shot Blocked by Evan Polei.
1:40 of 2nd period - Slapshot by Charlie McAvoy.
1:40 of 2nd period - Stopped by John Gibson with a rebound.
2:54 of 2nd period - K'Andre Miller is hit by Vincent Trocheck and loses puck.
3:26 of 2nd period - Penalty to Nicklas Backstrom is over, Nicklas Backstrom is back on ice.
3:49 of 2nd period - Alexander Radulov is hit by Brandon Hagel and loses puck.
5:06 of 2nd period - Vincent Trocheck is hit by Peyton Krebs and loses puck.
5:27 of 2nd period - Joonas Donskoi is hit by Matt Tennyson and loses puck.
5:58 of 2nd period - Minor Penalty to Charlie McAvoy for Hooking.
5:59 of 2nd period - Nicklas Backstrom wins face-off versus Vincent Trocheck in Boston Bruins zone.
6:08 of 2nd period - Snap shot by Nicklas Backstrom.
6:08 of 2nd period - Stopped by David Rittich with a rebound.
6:10 of 2nd period - Snap shot by Erik Brannstrom.
6:10 of 2nd period - Stopped by David Rittich with a rebound.
6:28 of 2nd period - Tyson Barrie is hit by Noah Dobson.
7:58 of 2nd period - Penalty to Charlie McAvoy is over, Charlie McAvoy is back on ice.
8:01 of 2nd period - Slapshot by Ryan Reaves.
8:01 of 2nd period - Stopped by David Rittich without a rebound.
8:02 of 2nd period - Ryan Donato wins face-off versus Evan Polei in Boston Bruins zone.
8:12 of 2nd period - Snap shot by Peyton Krebs.
8:12 of 2nd period - Stopped by David Rittich without a rebound.
8:13 of 2nd period - Peyton Krebs wins face-off versus Ryan Donato in Boston Bruins zone.
8:54 of 2nd period - Slapshot by Vincent Trocheck.
8:54 of 2nd period - Stopped by John Gibson without a rebound.
8:55 of 2nd period - Morgan Geekie wins face-off versus Alexander Radulov in Los Angeles Kings zone.
8:56 of 2nd period - Snap shot by Charlie McAvoy.
8:56 of 2nd period - Shot Misses the Net.
9:02 of 2nd period - Slapshot by Noah Dobson.
9:02 of 2nd period - Shot Blocked by Morgan Geekie.
9:04 of 2nd period - Wrist shot by Alexander Radulov.
9:04 of 2nd period - Shot Misses the Net.
9:17 of 2nd period - Icing by Alexander Radulov.
9:18 of 2nd period - Seth Jarvis wins face-off versus Vincent Trocheck in Los Angeles Kings zone.
10:27 of 2nd period - Snap shot by Tyler Gaudet.
10:27 of 2nd period - Stopped by David Rittich with a rebound.
10:29 of 2nd period - Snap shot by Cooper Marody.
10:29 of 2nd period - Shot Misses the Net.
10:49 of 2nd period - Snap shot by Nicklas Backstrom.
10:49 of 2nd period - Shot Misses the Net.
10:51 of 2nd period - Snap shot by Dominik Kubalik.
10:51 of 2nd period - Shot Misses the Net.
10:53 of 2nd period - Slapshot by Erik Brannstrom.
10:53 of 2nd period - Stopped by David Rittich with a rebound.
11:04 of 2nd period - Icing by Anthony Beauvillier.
11:05 of 2nd period - Seth Jarvis wins face-off versus Vincent Trocheck in Boston Bruins zone.
11:06 of 2nd period - Snap shot by Alexander Radulov.
11:06 of 2nd period - Stopped by David Rittich with a rebound.
11:18 of 2nd period - Snap shot by Alexander Radulov.
11:18 of 2nd period - Stopped by David Rittich with a rebound.
11:34 of 2nd period - Snap shot by Ryan Donato.
11:34 of 2nd period - Stopped by John Gibson without a rebound.
11:35 of 2nd period - Ryan Donato wins face-off versus Nicklas Backstrom in Los Angeles Kings zone.
11:46 of 2nd period - Wrist shot by Joel Farabee.
11:46 of 2nd period - Shot Misses the Net.
12:08 of 2nd period - Wrist shot by Peyton Krebs.
12:08 of 2nd period - Shot Misses the Net.
12:10 of 2nd period - Slapshot by K'Andre Miller.
12:10 of 2nd period - Goal by K'Andre Miller - Los Angeles Kings : 2 - Boston Bruins : 1.
12:11 of 2nd period - Vincent Trocheck wins face-off versus Nicklas Backstrom in neutral zone.
12:13 of 2nd period - Off-side.
12:14 of 2nd period - Vincent Trocheck wins face-off versus Nicklas Backstrom in neutral zone.
12:52 of 2nd period - Snap shot by Phil Kessel.
12:52 of 2nd period - Shot Blocked by Ryan Reaves.
13:08 of 2nd period - Slapshot by Phil Kessel.
13:08 of 2nd period - Deflect By Vincent Trocheck.
13:08 of 2nd period - Stopped by John Gibson without a rebound.
13:09 of 2nd period - Seth Jarvis wins face-off versus Ryan Donato in Los Angeles Kings zone.
13:09 of 2nd period - Seth Jarvis is hit by Joel Farabee.
13:40 of 2nd period - Snap shot by Morgan Geekie.
13:40 of 2nd period - Stopped by John Gibson with a rebound.
13:45 of 2nd period - Off-side.
13:46 of 2nd period - Morgan Geekie wins face-off versus Nicklas Backstrom in neutral zone.
13:49 of 2nd period - Nicklas Backstrom is hit by Brock McGinn and loses puck.
14:12 of 2nd period - Charlie McAvoy is hit by Tyler Gaudet and loses puck.
14:58 of 2nd period - Icing by Morgan Geekie.
14:59 of 2nd period - Morgan Geekie wins face-off versus Cooper Marody in Boston Bruins zone.
15:03 of 2nd period - Double Minor Penalty to Evan Polei for Slashing.
15:04 of 2nd period - Vincent Trocheck wins face-off versus Peyton Krebs in Los Angeles Kings zone.
16:47 of 2nd period - Charlie McAvoy is hit by Noah Dobson and loses puck.
18:05 of 2nd period - Wrist shot by Morgan Geekie.
18:05 of 2nd period - Shot Misses the Net.
18:07 of 2nd period - Slapshot by Danton Heinen.
18:07 of 2nd period - Deflect By K'Andre Miller.
18:07 of 2nd period - Shot Blocked by Tyler Gaudet.
18:07 of 2nd period - Puck is out of play.
18:08 of 2nd period - Kirby Dach wins face-off versus Vincent Trocheck in Los Angeles Kings zone.
19:03 of 2nd period - Penalty to Evan Polei is over, Evan Polei is back on ice.
19:11 of 2nd period - Snap shot by Seth Jarvis.
19:11 of 2nd period - Stopped by David Rittich with a rebound.
19:13 of 2nd period - Slapshot by Rasmus Sandin.
19:13 of 2nd period - Shot Blocked by Brock McGinn.
19:15 of 2nd period - Snap shot by Seth Jarvis.
19:15 of 2nd period - Goal by Seth Jarvis - Los Angeles Kings : 3 - Boston Bruins : 1.
19:16 of 2nd period - Vincent Trocheck wins face-off versus Dominik Kubalik in neutral zone.
19:29 of 2nd period - Wrist shot by Phil Kessel.
19:29 of 2nd period - Stopped by John Gibson with a rebound.
19:31 of 2nd period - Snap shot by Sean Durzi.
19:31 of 2nd period - Stopped by John Gibson without a rebound.
19:32 of 2nd period - Vincent Trocheck wins face-off versus Seth Jarvis in Los Angeles Kings zone.
Goals for this period are 2 for Los Angeles Kings vs 1 for Boston Bruins.
Shots for this period are 11 for Los Angeles Kings vs 9 for Boston Bruins.
3rd period
0:01 of 3rd period - Vincent Trocheck wins face-off versus Nicklas Backstrom in neutral zone.
0:04 of 3rd period - Wrist shot by Samuel Girard.
0:04 of 3rd period - Stopped by John Gibson with a rebound.
0:06 of 3rd period - Snap shot by Phil Kessel.
0:06 of 3rd period - Shot Misses the Net.
0:08 of 3rd period - Snap shot by Pavel Zacha.
0:08 of 3rd period - Shot Misses the Net.
0:10 of 3rd period - Slapshot by Samuel Girard.
0:10 of 3rd period - Stopped by John Gibson without a rebound.
0:11 of 3rd period - Vincent Trocheck wins face-off versus Seth Jarvis in Los Angeles Kings zone.
0:23 of 3rd period - Icing by Mike Matheson.
0:24 of 3rd period - Vincent Trocheck wins face-off versus Seth Jarvis in Los Angeles Kings zone.
0:31 of 3rd period - Backhand shot by Seth Jarvis.
0:31 of 3rd period - Stopped by David Rittich without a rebound.
0:32 of 3rd period - Nicklas Backstrom wins face-off versus Vincent Trocheck in Boston Bruins zone.
0:42 of 3rd period - Snap shot by Kirby Dach.
0:42 of 3rd period - Shot Misses the Net.
0:44 of 3rd period - Slapshot by K'Andre Miller.
0:44 of 3rd period - Stopped by David Rittich with a rebound.
0:46 of 3rd period - Slapshot by Noah Dobson.
0:46 of 3rd period - Goal by Noah Dobson - Los Angeles Kings : 4 - Boston Bruins : 1.
0:47 of 3rd period - Vincent Trocheck wins face-off versus Seth Jarvis in neutral zone.
0:50 of 3rd period - Wrist shot by Vincent Trocheck.
0:50 of 3rd period - Stopped by John Gibson with a rebound.
0:52 of 3rd period - Snap shot by Vincent Trocheck.
0:52 of 3rd period - Shot Misses the Net.
0:54 of 3rd period - Snap shot by Pavel Zacha.
0:54 of 3rd period - Shot Misses the Net.
0:56 of 3rd period - Snap shot by Vincent Trocheck.
0:56 of 3rd period - Shot Misses the Net.
0:58 of 3rd period - Snap shot by Phil Kessel.
0:58 of 3rd period - Stopped by John Gibson without a rebound.
0:59 of 3rd period - Nicklas Backstrom wins face-off versus Vincent Trocheck in Los Angeles Kings zone.
1:12 of 3rd period - Wrist shot by Nicklas Backstrom.
1:12 of 3rd period - Shot Blocked by Samuel Girard.
1:14 of 3rd period - Snap shot by Nicklas Backstrom.
1:14 of 3rd period - Shot Blocked by Samuel Girard.
1:34 of 3rd period - Slapshot by Joel Farabee.
1:34 of 3rd period - Stopped by John Gibson with a rebound.
1:44 of 3rd period - Wrist shot by Alexander Radulov.
1:44 of 3rd period - Stopped by David Rittich with a rebound.
2:45 of 3rd period - Snap shot by Brandon Hagel.
2:45 of 3rd period - Stopped by John Gibson with a rebound.
2:51 of 3rd period - Snap shot by Morgan Geekie.
2:51 of 3rd period - Stopped by John Gibson without a rebound.
2:52 of 3rd period - Seth Jarvis wins face-off versus Ryan Donato in Los Angeles Kings zone.
3:15 of 3rd period - Icing by Samuel Girard.
3:16 of 3rd period - Nicklas Backstrom wins face-off versus Vincent Trocheck in Boston Bruins zone.
3:17 of 3rd period - Backhand shot by Kirby Dach.
3:17 of 3rd period - Shot Misses the Net.
3:19 of 3rd period - Snap shot by Dominik Kubalik.
3:19 of 3rd period - Stopped by David Rittich without a rebound.
3:20 of 3rd period - Vincent Trocheck wins face-off versus Nicklas Backstrom in Boston Bruins zone.
3:31 of 3rd period - Wrist shot by Kirby Dach.
3:31 of 3rd period - Shot Hit the Post.
3:56 of 3rd period - Off-side.
3:57 of 3rd period - Vincent Trocheck wins face-off versus Vitaly Kravtsov in neutral zone.
4:08 of 3rd period - Slapshot by Vincent Trocheck.
4:08 of 3rd period - Stopped by John Gibson without a rebound.
4:09 of 3rd period - Vincent Trocheck wins face-off versus Seth Jarvis in Los Angeles Kings zone.
4:12 of 3rd period - Snap shot by Pavel Zacha.
4:12 of 3rd period - Stopped by John Gibson without a rebound.
4:13 of 3rd period - Vincent Trocheck wins face-off versus Seth Jarvis in Los Angeles Kings zone.
4:19 of 3rd period - Off-side.
4:20 of 3rd period - Vincent Trocheck wins face-off versus Peyton Krebs in neutral zone.
5:10 of 3rd period - Slapshot by Morgan Geekie.
5:10 of 3rd period - Shot Misses the Net.
5:12 of 3rd period - Snap shot by Brandon Hagel.
5:12 of 3rd period - Stopped by John Gibson without a rebound.
5:13 of 3rd period - Vincent Trocheck wins face-off versus Nicklas Backstrom in Los Angeles Kings zone.
5:34 of 3rd period - Minor Penalty to K'Andre Miller for Tripping.
5:35 of 3rd period - Vincent Trocheck wins face-off versus Cooper Marody in Los Angeles Kings zone.
5:42 of 3rd period - Snap shot by Phil Kessel.
5:42 of 3rd period - Shot Misses the Net.
5:56 of 3rd period - Slapshot by Peyton Krebs.
5:56 of 3rd period - Stopped by David Rittich with a rebound.
5:58 of 3rd period - Wrist shot by Noah Dobson.
5:58 of 3rd period - Shot Blocked by Pavel Zacha.
6:16 of 3rd period - Snap shot by Charlie McAvoy.
6:16 of 3rd period - Stopped by John Gibson without a rebound.
6:17 of 3rd period - Vitaly Kravtsov wins face-off versus Ryan Donato in Los Angeles Kings zone.
6:26 of 3rd period - Snap shot by Cooper Marody.
6:26 of 3rd period - Stopped by David Rittich with a rebound.
6:28 of 3rd period - Snap shot by Vitaly Kravtsov.
6:28 of 3rd period - Shot Blocked by Joonas Donskoi.
6:30 of 3rd period - Wrist shot by Cooper Marody.
6:30 of 3rd period - Stopped by David Rittich with a rebound.
7:14 of 3rd period - Vincent Trocheck is hit by Cooper Marody and loses puck.
7:34 of 3rd period - Penalty to K'Andre Miller is over, K'Andre Miller is back on ice.
8:38 of 3rd period - Nicklas Backstrom is hit by Joel Farabee and loses puck.
8:59 of 3rd period - Snap shot by Tyson Barrie.
8:59 of 3rd period - Stopped by John Gibson without a rebound.
9:00 of 3rd period - Vincent Trocheck wins face-off versus Cooper Marody in Los Angeles Kings zone.
9:26 of 3rd period - Erik Brannstrom is hit by Joel Farabee and loses puck.
9:41 of 3rd period - Morgan Geekie is hit by Erik Brannstrom and loses puck.
10:53 of 3rd period - Off-side.
10:54 of 3rd period - Vincent Trocheck wins face-off versus Peyton Krebs in neutral zone.
11:05 of 3rd period - Snap shot by Ryan Reaves.
11:05 of 3rd period - Shot Misses the Net.
11:07 of 3rd period - Slapshot by Ryan Reaves.
11:07 of 3rd period - Stopped by David Rittich with a rebound.
11:23 of 3rd period - Snap shot by Alexander Radulov.
11:23 of 3rd period - Shot Blocked by Charlie McAvoy.
11:25 of 3rd period - Snap shot by Seth Jarvis.
11:25 of 3rd period - Deflect By Tyler Gaudet.
11:25 of 3rd period - Stopped by David Rittich without a rebound.
11:26 of 3rd period - Vincent Trocheck wins face-off versus Seth Jarvis in Boston Bruins zone.
12:09 of 3rd period - Tyler Gaudet is hit by Vincent Trocheck and loses puck.
12:28 of 3rd period - Snap shot by Alexander Radulov.
12:28 of 3rd period - Deflect By Seth Jarvis.
12:28 of 3rd period - Shot Misses the Net.
12:28 of 3rd period - Puck is out of play.
12:29 of 3rd period - Peyton Krebs wins face-off versus Ryan Donato in Boston Bruins zone.
12:30 of 3rd period - Wrist shot by Ryan Reaves.
12:30 of 3rd period - Stopped by David Rittich with a rebound.
12:38 of 3rd period - Slapshot by Noah Dobson.
12:38 of 3rd period - Shot Blocked by Charlie McAvoy.
12:56 of 3rd period - Brandon Hagel is hit by Nicklas Backstrom and loses puck.
13:13 of 3rd period - Noah Dobson is hit by Joel Farabee and loses puck.
13:45 of 3rd period - Cooper Marody is hit by Ryan Donato and loses puck.
14:00 of 3rd period - Snap shot by Ryan Reaves.
14:00 of 3rd period - Stopped by David Rittich with a rebound.
14:17 of 3rd period - Minor Penalty to Sean Durzi for Interference.
14:18 of 3rd period - Vincent Trocheck wins face-off versus Seth Jarvis in Boston Bruins zone.
14:31 of 3rd period - Backhand shot by Seth Jarvis.
14:31 of 3rd period - Shot Misses the Net.
14:33 of 3rd period - Snap shot by Alexander Radulov.
14:33 of 3rd period - Goal by Alexander Radulov - Los Angeles Kings : 5 - Boston Bruins : 1.
14:34 of 3rd period - Vincent Trocheck wins face-off versus Peyton Krebs in neutral zone.
14:59 of 3rd period - Samuel Girard is hit by Seth Jarvis and loses puck.
15:06 of 3rd period - Wrist shot by Seth Jarvis.
15:06 of 3rd period - Stopped by David Rittich without a rebound.
15:07 of 3rd period - Vincent Trocheck wins face-off versus Nicklas Backstrom in Boston Bruins zone.
15:14 of 3rd period - Snap shot by Tyson Barrie.
15:14 of 3rd period - Shot Blocked by Kirby Dach.
15:22 of 3rd period - Snap shot by Dominik Kubalik.
15:22 of 3rd period - Shot Misses the Net.
15:40 of 3rd period - Wrist shot by Vitaly Kravtsov.
15:40 of 3rd period - Stopped by David Rittich without a rebound.
15:41 of 3rd period - Seth Jarvis wins face-off versus Vincent Trocheck in Boston Bruins zone.
15:42 of 3rd period - Snap shot by Alexander Radulov.
15:42 of 3rd period - Deflect By Seth Jarvis.
15:42 of 3rd period - Stopped by David Rittich with a rebound.
15:44 of 3rd period - Snap shot by Alexander Radulov.
15:44 of 3rd period - Stopped by David Rittich with a rebound.
15:46 of 3rd period - Slapshot by Tyler Gaudet.
15:46 of 3rd period - Shot Blocked by Phil Kessel.
15:48 of 3rd period - Snap shot by Mike Matheson.
15:48 of 3rd period - Deflect By Seth Jarvis.
15:48 of 3rd period - Shot Misses the Net.
15:48 of 3rd period - Puck is out of play.
15:49 of 3rd period - Seth Jarvis wins face-off versus Vincent Trocheck in Boston Bruins zone.
16:15 of 3rd period - Minor Penalty to Alexander Radulov for Hooking.
16:16 of 3rd period - Cooper Marody wins face-off versus Vincent Trocheck in Los Angeles Kings zone.
18:15 of 3rd period - Penalty to Alexander Radulov is over, Alexander Radulov is back on ice.
18:21 of 3rd period - Erik Brannstrom is hit by Sean Durzi and loses puck.
18:47 of 3rd period - Snap shot by Kirby Dach.
18:47 of 3rd period - Stopped by David Rittich with a rebound.
19:04 of 3rd period - Peyton Krebs is hit by Victor Mete and loses puck.
Goals for this period are 2 for Los Angeles Kings vs 0 for Boston Bruins.
Shots for this period are 18 for Los Angeles Kings vs 12 for Boston Bruins.
Back to the Top